 Dungeon Crawl Stone Soup version 0.29-a0-352-g0917bc69df (webtiles) character file.

Game seed: 11141117491943010122

1134 spaghetti the Conjurer (level 8, 0/58 HPs)
             Began as a Gnoll Conjurer on Apr 25, 2022.
             Slain by a wyvern zombie (7 damage)
             ... on level 6 of the Dungeon.
             The game lasted 00:16:42 (5003 turns).

spaghetti the Conjurer (Gnoll Conjurer)             Turns: 5003, Time: 00:16:43

Health: 0/58       AC:  2    Str:  7    XL:     8   Next: 36%
Magic:  7/17       EV: 13    Int: 19    God:
Gold:   224        SH:  5    Dex: 11    Spells: 3/19 levels left

rFire   . . .      SeeInvis .   z - staff of conjuration {!a@e2staff}
rCold   . . .      Faith    .   (no shield)
rNeg    . . .      Spirit   .   a - +0 robe
rPois   .          Reflect  +   (no helmet)
rElec   .          Harm     .   (no cloak)
rCorr   .          Rampage  .   (no gloves)
Will    .....                   (no boots)
Stlth   +++.......              f - amulet of reflection
HPRegen 0.19/turn               c - +4 ring of slaying
MPRegen 0.15/turn               r - ring of wizardry

@: no status effects
A: fangs 1, strong nose, distributed training
a: no special abilities


You were on level 6 of the Dungeon.
You visited 1 branch of the dungeon, and saw 6 of its levels.

You collected 224 gold pieces.


Innate Abilities, Weirdness & Mutations

You have very sharp teeth.
Your uncanny sense of smell can sniff out nearby items.
Your experience applies equally to all skills.


   Skills:
 + Level 3.2 Fighting
 + Level 3.2 Short Blades
 + Level 3.2 Long Blades
 + Level 3.2 Axes
 + Level 3.2 Maces & Flails
 + Level 3.2 Polearms
 + Level 3.2 Staves
 + Level 3.2 Slings
 + Level 3.2 Bows
 + Level 3.2 Crossbows
 + Level 3.2 Throwing
 + Level 3.2 Armour
 + Level 5.6 Dodging
 + Level 5.3 Stealth
 + Level 3.2 Shields
 + Level 3.2 Unarmed Combat
 + Level 6.0 Spellcasting
 + Level 7.6 Conjurations
 + Level 2.6 Hexes
 + Level 2.6 Summonings
 + Level 2.6 Necromancy
 + Level 2.6 Translocations
 + Level 2.6 Transmutations
 + Level 2.6 Fire Magic
 + Level 2.6 Ice Magic
 + Level 2.6 Air Magic
 + Level 2.6 Earth Magic
 + Level 2.6 Poison Magic
 + Level 3.5 Invocations
 + Level 3.2 Evocations


You had 3 spell levels left.
You knew the following spells:

 Your Spells              Type           Power      Damage    Failure   Level
a - Magic Dart            Conj           100%       1d8       1%          1
b - Searing Ray           Conj           100%       2d8       1%          2
c - Mephitic Cloud        Conj/Pois/Air  33%        N/A       2%          3
d - Inner Flame           Hex/Fire       15%        N/A       4%          3
e - Flame Wave            Conj/Fire      37%        2d9       6%          4
f - Ignite Poison         Fire/Tmut/Pois 15%        N/A       4%          3

Your spell library contained the following spells:

 Spells                   Type           Power      Damage    Failure   Level
 Foxfire                  Conj/Fire      100%       2x1d9     1%          1
 Conjure Flame            Conj/Fire      37%        6-21      1%          3
 Dazzling Flash           Conj/Hex       74%        N/A       1%          3
 Corpse Rot               Necr/Air       30%        N/A       2%          2
 Frozen Ramparts          Ice            30%        1d5       4%          3
 Ozocubu's Armour         Ice            15%        N/A       4%          3
 Fulminant Prism          Conj/Hex       18%        3d11      6%          4
 Iskenderun's Mystic Bla  Conj/Tloc      37%        2d9       6%          4
 Ice Form                 Ice/Tmut       15%        N/A       16%         4
 Passage of Golubria      Tloc           15%        N/A       16%         4
 Summon Ice Beast         Ice/Summ       15%        N/A       16%         4
 Freezing Cloud           Conj/Ice/Air   16%        6-21      21%         5
 Silence                  Hex/Air        7%         N/A       38%         5
 Conjure Ball Lightning   Conj/Air       18%        3x3d6     61%         6
 Ozocubu's Refrigeration  Ice            7%         4d6       100%        7
 Lehudib's Crystal Spear  Conj/Erth      18%        10d6      100%        8

Inventory:

Hand Weapons
 e - a +0 short sword {short}
   (You took it off a kobold on level 1 of the Dungeon)
 n - a +4 dagger of venom {short}
   (You took it off Jessica on level 2 of the Dungeon)
Missiles
 h - 128 stones {throwing}
 q - 2 boomerangs {throwing}
 w - 15 poisoned darts {throwing}
Armour
 a - a +0 robe (worn)
Magical Staves
 g - a staff of death {!astaff}
   (You found it on level 1 of the Dungeon)
 y - a staff of poison {!astaff}
   (You found it on level 4 of the Dungeon)
 z - a staff of conjuration (weapon) {!a@e2staff}
   (You found it on level 4 of the Dungeon)
 C - a staff of cold {!astaff}
   (You found it on level 5 of the Dungeon)
Jewellery
 c - a +4 ring of slaying (left hand)
   (You found it on level 1 of the Dungeon)
 f - an amulet of reflection (around neck)
   (You found it on level 1 of the Dungeon)
 r - a ring of wizardry (right hand)
   (You took it off a hobgoblin on level 3 of the Dungeon)
 D - a +4 ring of protection
   (You took it off an orc on level 5 of the Dungeon)
 E - a +6 ring of dexterity
   (You took it off an orc on level 5 of the Dungeon)
Scrolls
 d - a scroll of magic mapping {unknown}
 l - 10 scrolls of identify {unknown}
 m - a scroll of immolation {unknown}
 o - a scroll of enchant weapon {unknown}
 p - 2 scrolls of blinking {unknown}
 u - 2 scrolls of teleportation {unknown}
 B - a scroll of fog {unknown}
Potions
 b - a potion of magic
 i - a potion of cancellation
 j - a potion of lignification {unknown}
 k - a potion of attraction {unknown}
 s - 5 potions of curing {@q1}
 t - a potion of ambrosia {unknown}
 v - 2 potions of heal wounds {unknown}
 x - a potion of haste {unknown}
 A - a potion of mutation {unknown}
 G - a potion of experience {unknown}

Dungeon Overview and Level Annotations

Branches:
Dungeon (6/15)
 Temple: D:4-7

Altars:
Sif Muna

Shops:
D:1 =   D:2 *

Annotations:
D:6 Pikel

. ##..>..# #...<..# #
###.###### ####
###...#
...####...############
#........5<.K55.nZK..#
######..###########5##
###.......###.ZnZ#
####.5.#####...5@####
...5.................#
....#..########......#
.####..... #......#
....Z.###.# #......#
......# .. #......#
....... . ##.#####
....... ... .......


You could see 2 lemures, a necrophage, a wyvern zombie and a bullfrog skeleton.


Message History

Unknown command.
Unknown command.
Unknown command.
You bump into the rock wall.
You are engulfed in noxious fumes.
You choke on the stench!
You are more confused.
The wyvern zombie bites you. x2 😮 HP[-11]
You take 11 damage, and now have 40/58 hp.
Unknown command.
Unknown command.
You hit the wyvern zombie. You bite the wyvern zombie.
You are engulfed in noxious fumes.
You choke on the stench!
You are more confused.
The wyvern zombie closely misses you.
A lemure comes into view. 😮 MP[+1] Unknown command.
You're too confused to move!
You are engulfed in noxious fumes.
The wyvern zombie closely misses you.
Unknown command.
You're too confused to move!
You are engulfed in noxious fumes.
The wyvern zombie bites you! 😮 HP[-10]
You take 10 damage, and now have 30/58 hp.
Unknown command.
Unknown command.
Unknown command.
You bump into the rock wall.
The wyvern zombie closely misses you. The wyvern zombie misses you.
Unknown command.
Unknown command. 😮 HP[+1] Unknown command.
Unknown command.
You're too confused to cast spells.
You bump into the rock wall.
You feel less confused. The wyvern zombie bites you.
* * * LOW HITPOINT WARNING * * *
😨 HP[-2]
You take 2 damage, and now have 29/58 hp.
You block the wyvern zombie's attack.
Unknown command.
Unknown command.
Casting: Mephitic Cloud (dangerous; 2% risk of failure)
Confirm with . or Enter, or press ? or * to list all spells.
You don't know that spell.
Casting: Mephitic Cloud (dangerous; 2% risk of failure)
Confirm with . or Enter, or press ? or * to list all spells.
Aiming: Mephitic Cloud (dangerous; 2% risk of failure)
Press: ? - help, Shift-Dir - straight line, f/p - wyvern zombie
Aim: a wyvern zombie (lightly damaged, not susceptible)
You feel a surge of power! That beam is likely to hit you.
Continue anyway?
Okay, then. 😨 MP[+1]
The wyvern zombie attacks as you move away!
The wyvern zombie bites you.
* * * LOW HITPOINT WARNING * * *
😨 HP[-3]
You take 3 damage, and now have 26/58 hp.
The wyvern zombie completely misses you. 😨 HP[+1]
The wyvern zombie attacks as you move away!
The wyvern zombie closely misses you.
The wyvern zombie barely misses you. 😨 MP[+1]
The wyvern zombie attacks as you move away!
The wyvern zombie barely misses you.
You aren't carrying any items that you can evoke.
You feel very mighty all of a sudden.
The wyvern zombie closely misses you. 😨 HP[+1]
You hit the wyvern zombie! The wyvern zombie barely misses you. x2
You hit the wyvern zombie! Your bite misses the wyvern zombie.
You block the wyvern zombie's attack.
You hit the wyvern zombie! The wyvern zombie closely misses you.
You closely miss the lemure. The wyvern zombie bites you.
* * * LOW HITPOINT WARNING * * *
The lemure misses you.
The wyvern zombie barely misses you. 😨 HP[-1]
You take 1 damage, and now have 27/58 hp.
You hit the lemure! The wyvern zombie barely misses you.
The lemure hits you but does no damage. 😨 HP[+1] MP[+1]
You hit the lemure! You block the wyvern zombie's attack. The lemure hits you.
* * * LOW HITPOINT WARNING * * *
😨 HP[-1]
You take 1 damage, and now have 27/58 hp.
It was a potion of cancellation.
Your magical effects are unravelling.
You feel magically purged.
You feel a little less mighty now. The wyvern zombie bites you!
* * * LOW HITPOINT WARNING * * *
The lemure hits you!
* * * LOW HITPOINT WARNING * * *
The wyvern zombie bites you!
You die...

Skill      XL: |  1  2  3  4  5  6  7  8 |
---------------+-------------------------+-----
Spellcasting   | 5 6 |  6.0
Fighting       | 1 2 3 |  3.2
Short Blades   | 1 2 3 |  3.2
Long Blades    | 1 2 3 |  3.2
Axes           | 1 2 3 |  3.2
Maces & Flails | 1 2 3 |  3.2
Polearms       | 1 2 3 |  3.2
Staves         | 1 2 3 |  3.2
Slings         | 1 2 3 |  3.2
Bows           | 1 2 3 |  3.2
Crossbows      | 1 2 3 |  3.2
Throwing       | 1 2 3 |  3.2
Armour         | 1 2 3 |  3.2
Shields        | 1 2 3 |  3.2
Unarmed Combat | 1 2 3 |  3.2
Invocations    | 1 2 3 |  3.5
Evocations     | 1 2 3 |  3.2
Hexes          | 1 2 |  2.6
Summonings     | 1 2 |  2.6
Necromancy     | 1 2 |  2.6
Translocations | 1 2 |  2.6
Transmutations | 1 2 |  2.6
Fire Magic     | 1 2 |  2.6
Ice Magic      | 1 2 |  2.6
Air Magic      | 1 2 |  2.6
Earth Magic    | 1 2 |  2.6
Poison Magic   | 1 2 |  2.6
Dodging        | 5 |  5.6
Stealth        | 5 |  5.3
Conjurations   | |  7.6

Action                   |  1- 3 |  4- 6 |  7- 9 || total
-------------------------+-------+-------+-------++-------
Melee: Short sword       |    41 |       |       ||    41
       Bite              |     2 |     6 |     7 ||    15
       Punch             |     1 |     2 |     1 ||     4
       Dagger            |       |    48 |    23 ||    71
       Staff             |       |       |    19 ||    19
 Cast: Magic Dart        |    15 |    59 |    64 ||   138
       Searing Ray       |     1 |     2 |     1 ||     4
       Mephitic Cloud    |       |     6 |    11 ||    17
       Ignite Poison     |       |       |     7 ||     7
  Use: Potion            |       |       |     2 ||     2
 Stab: Sleeping          |     3 |     1 |       ||     4
       Distracted        |       |       |     1 ||     1
Armor: Robe              |     3 |     2 |     4 ||     9
Dodge: Dodged            |    32 |    30 |    39 ||   101
Block: Other             |     8 |     6 |    11 ||    25

Levels and vault maps discovered:
D:1:      amcnicky_arrival_gap_in_the_tavern_cellar, layout_rooms,
          hellmonk_ecumenical_altar_zigzags, serial_shops, shop_fountains,
          minmay_octomino_c4
D:2:      layout_basic, serial_shops, nicolae_square_shop, uniq_jessica
D:3:      layout_loops_ring, mainiacjoe_overflow_concentric_impassable,
          uniq_terence, uniq_natasha
D:4:      layout_rooms
D:5:      layout_layer_cave, kennysheep_opposing_triangles
D:6:      layout_rooms, serial_undead, serial_undead_b, serial_undead_d,
          serial_undead_d, serial_undead_d, serial_undead_e,
          uniq_prince_ribbit1, uniq_pikel

Notes
Turn   | Place    | Note
-------+----------+-------------------------------------------
     0 | D:1      | spaghetti the Gnoll Conjurer began the quest for the Orb.
     0 | D:1      | Reached XP level 1. HP: 13/13 MP: 6/6
     0 | D:1      | magus.rc [v1.9.6]
   113 | D:1      | Found a faded altar of an unknown god.
   235 | D:1      | Reached XP level 2. HP: 19/19 MP: 3/7
   244 | D:1      | You add the spells Ignite Poison, Mephitic Cloud and
                  | Freezing Cloud to your library.
   249 | D:1      | Learned a level 2 spell: Searing Ray
   545 | D:1      | Found Wait Seomp's Jewellery Boutique.
   635 | D:1      | Reached XP level 3. HP: 23/25 MP: 9/9
   685 | D:1      | Reached skill level 5 in Spellcasting
   877 | D:2      | Noticed Jessica
   879 | D:2      | Killed Jessica
   880 | D:2      | Reached skill level 1 in Fighting
   880 | D:2      | Reached skill level 1 in Short Blades
   880 | D:2      | Reached skill level 1 in Long Blades
   880 | D:2      | Reached skill level 1 in Axes
   880 | D:2      | Reached skill level 1 in Maces & Flails
   880 | D:2      | Reached skill level 1 in Polearms
   880 | D:2      | Reached skill level 1 in Staves
   880 | D:2      | Reached skill level 1 in Slings
   880 | D:2      | Reached skill level 1 in Bows
   880 | D:2      | Reached skill level 1 in Crossbows
   880 | D:2      | Reached skill level 1 in Throwing
   880 | D:2      | Reached skill level 1 in Armour
   880 | D:2      | Reached skill level 1 in Shields
   880 | D:2      | Reached skill level 1 in Unarmed Combat
   880 | D:2      | Reached skill level 1 in Invocations
   880 | D:2      | Reached skill level 1 in Evocations
   880 | D:2      | Reached XP level 4. HP: 32/32 MP: 8/11
   908 | D:2      | You add the spells Ozocubu's Armour and Ozocubu's
                  | Refrigeration to your library.
  1076 | D:2      | Found Peevyn's Assorted Antiques.
  1417 | D:2      | Reached skill level 1 in Hexes
  1417 | D:2      | Reached skill level 1 in Summonings
  1417 | D:2      | Reached skill level 1 in Necromancy
  1417 | D:2      | Reached skill level 1 in Translocations
  1417 | D:2      | Reached skill level 1 in Transmutations
  1417 | D:2      | Reached skill level 1 in Fire Magic
  1417 | D:2      | Reached skill level 1 in Ice Magic
  1417 | D:2      | Reached skill level 1 in Air Magic
  1417 | D:2      | Reached skill level 1 in Earth Magic
  1417 | D:2      | Reached skill level 1 in Poison Magic
  1783 | D:3      | Noticed an ogre
  1791 | D:3      | Killed an ogre
  1792 | D:3      | Reached XP level 5. HP: 36/37 MP: 7/12
  1980 | D:3      | Found a shimmering blue altar of Sif Muna.
  2093 | D:3      | You pick up a book of Flames and begin reading...
  2093 | D:3      | You add the spells Foxfire, Conjure Flame, Inner Flame and
                  | Flame Wave to your library.
  2110 | D:3      | Learned a level 3 spell: Mephitic Cloud
  2114 | D:3      | Learned a level 3 spell: Inner Flame
  2119 | D:3      | Learned a level 4 spell: Flame Wave
  2135 | D:3      | Noticed Terence
  2142 | D:3      | Killed Terence
  2143 | D:3      | Reached skill level 2 in Invocations
  2143 | D:3      | Reached XP level 6. HP: 44/44 MP: 4/13
  2412 | D:3      | Noticed Natasha
  2419 | D:3      | Killed Natasha
  2420 | D:3      | Reached skill level 2 in Fighting
  2420 | D:3      | Reached skill level 2 in Short Blades
  2420 | D:3      | Reached skill level 2 in Long Blades
  2420 | D:3      | Reached skill level 2 in Axes
  2420 | D:3      | Reached skill level 2 in Maces & Flails
  2420 | D:3      | Reached skill level 2 in Polearms
  2420 | D:3      | Reached skill level 2 in Staves
  2420 | D:3      | Reached skill level 2 in Slings
  2420 | D:3      | Reached skill level 2 in Bows
  2420 | D:3      | Reached skill level 2 in Crossbows
  2420 | D:3      | Reached skill level 2 in Throwing
  2420 | D:3      | Reached skill level 2 in Armour
  2420 | D:3      | Reached skill level 5 in Dodging
  2420 | D:3      | Reached skill level 2 in Shields
  2420 | D:3      | Reached skill level 2 in Unarmed Combat
  2420 | D:3      | Reached skill level 2 in Evocations
  2447 | D:3      | Noticed Natasha
  2452 | D:3      | Killed Natasha
  2929 | D:4      | Reached XP level 7. HP: 43/50 MP: 10/15
  2933 | D:4      | Learned a level 3 spell: Ignite Poison
  3497 | D:5      | Entered Level 5 of the Dungeon
  3513 | D:5      | You add the spells Corpse Rot and Conjure Ball Lightning to
                  | your library.
  3513 | D:5      | Got the Reference Book on Sinister Confrontation
  3536 | D:5      | Reached skill level 2 in Hexes
  3536 | D:5      | Reached skill level 2 in Summonings
  3536 | D:5      | Reached skill level 2 in Necromancy
  3536 | D:5      | Reached skill level 2 in Translocations
  3536 | D:5      | Reached skill level 2 in Transmutations
  3536 | D:5      | Reached skill level 2 in Fire Magic
  3536 | D:5      | Reached skill level 2 in Ice Magic
  3536 | D:5      | Reached skill level 2 in Air Magic
  3536 | D:5      | Reached skill level 2 in Earth Magic
  3536 | D:5      | Reached skill level 2 in Poison Magic
  3667 | D:5      | Reached skill level 5 in Stealth
  3667 | D:5      | Reached skill level 3 in Invocations
  3972 | D:5      | Reached XP level 8. HP: 42/57 MP: 5/16
  4093 | D:5      | Reached skill level 3 in Fighting
  4093 | D:5      | Reached skill level 3 in Short Blades
  4093 | D:5      | Reached skill level 3 in Long Blades
  4093 | D:5      | Reached skill level 3 in Axes
  4093 | D:5      | Reached skill level 3 in Maces & Flails
  4093 | D:5      | Reached skill level 3 in Polearms
  4093 | D:5      | Reached skill level 3 in Staves
  4093 | D:5      | Reached skill level 3 in Slings
  4093 | D:5      | Reached skill level 3 in Bows
  4093 | D:5      | Reached skill level 3 in Crossbows
  4093 | D:5      | Reached skill level 3 in Throwing
  4093 | D:5      | Reached skill level 3 in Armour
  4093 | D:5      | Reached skill level 3 in Shields
  4093 | D:5      | Reached skill level 3 in Unarmed Combat
  4093 | D:5      | Reached skill level 3 in Evocations
  4431 | D:5      | You pick up a book of the Moon and begin reading...
  4431 | D:5      | You add the spells Passage of Golubria, Silence and
                  | Lehudib's Crystal Spear to your library.
  4487 | D:5      | Reached skill level 6 in Spellcasting
  4924 | D:6      | You pick up a book of Rime and begin reading...
  4924 | D:6      | You add the spells Frozen Ramparts, Ice Form and Summon Ice
                  | Beast to your library.
  4951 | D:6      | Noticed Pikel
  5003 | D:6      | HP: 7/58 [lemure[Pikel] (8)]
  5003 | D:6      | Slain by a wyvern zombie

Vanquished Creatures
  2 ogres
  A phantom (D:5)
  2 necrophages (D:5)
  4 scorpions
  A howler monkey (D:4)
  A hound (D:4)
  A jelly (D:5)
  2 orc priests
  2 iguanas
  Terence (D:3)
  Jessica (D:2)
  Natasha (twice) (D:3)
  An orc wizard (D:4)
  6 adders
  A shadow imp (D:5)
  A white imp (D:5)
  2 ufetubi
  A worm (D:4)
  2 dart slugs (D:1)
  14 orcs
  11 ball pythons
  13 endoplasms
  2 giant cockroaches
  5 goblins
  8 hobgoblins
  4 jackals
  7 kobolds
  6 quokkas
  4 bats
  2 frilled lizards (D:1)
  7 rats
117 creatures vanquished.

Table legend:
 A = Non-vault XP
 B = Vault XP
 C = Vault XP percentage of total XP
 D = Non-vault monster count
 E = Vault monster count
 F = Vault count percentage of total count
                 A         B        C        D         E       F
            +---------+---------+-------+---------+---------+-------
      Total |    1469 |     152 |   9.4 |     104 |      13 |  11.1
            +---------+---------+-------+---------+---------+-------
        D:1 |      33 |      12 |  26.7 |      18 |       6 |  25.0
        D:2 |      59 |      37 |  38.5 |      27 |       1 |   3.6
        D:3 |     261 |      73 |  21.9 |      22 |       2 |   8.3
        D:4 |     299 |       0 |   0.0 |      19 |       0 |   0.0
        D:5 |     771 |      30 |   3.7 |      15 |       4 |  21.1
        D:6 |      46 |       0 |   0.0 |       3 |       0 |   0.0
            +---------+---------+-------+---------+---------+-------

Illustrated notes

Table legend:
 A = Kills in this place as a percentage of kills in entire the game.
 B = Kills by you in this place as a percentage of kills by you in the entire game.
 C = Kills by friends in this place as a percentage of kills by friends in the entire game.
 D = Other kills in this place as a percentage of other kills in the entire game.
 E = Experience gained in this place as a percentage of experience gained in the entire game.
 F = Experience gained in this place divided by the number of levels of this place that you have seen.
                   A       B       C       D       E      F
               +-------+-------+-------+-------+-------+----------------------
         Total | 100.0 | 100.0 |   N/A | 100.0 | 100.0 | 270.2
       Dungeon | 100.0 | 100.0 |   N/A | 100.0 | 100.0 | 270.2
               +-------+-------+-------+-------+-------+----------------------

Table legend: (Time is in decaauts)
 A = Elapsed time spent in this place.
 B = Non-inter-level travel time spent in this place.
 C = Inter-level travel time spent in this place.
 D = Time resting spent in this place.
 E = Time spent auto-exploring this place.
 F = Levels seen in this place.
 G = Mean time per level.
                   A        B        C        D        E       F      G
               +--------+--------+--------+--------+--------+-----+--------+
         Total |   4996 |   4921 |     75 |    376 |   3887 |   6 |  832.7 |
       Dungeon |   4996 |   4921 |     75 |    376 |   3887 |   6 |  832.7 |
               +--------+--------+--------+--------+--------+-----+--------+

Top non-repeatable levels by time:
     D:5: 1403 daAuts
     D:3: 1080 daAuts
     D:2: 927 daAuts
     D:1: 826 daAuts
     D:4: 655 daAuts
     D:6: 103 daAuts
